 Dungeon Crawl Stone Soup version 0.20.1-1-g8b1a95d (webtiles) character file.

2454 slacker the Cleaver (level 9, -3/72 HPs)
             Began as a Minotaur Berserker on July 31, 2017.
             Was a High Priest of Trog.
             Slain by an orc warrior
             ... wielding a +0 scimitar
              (18 damage)
             ... on level 7 of the Dungeon.
             The game lasted 00:13:25 (6313 turns).

slacker the Cleaver (Minotaur Berserker)            Turns: 6313, Time: 00:13:26

Health: -3/72      AC:  9    Str: 25    XL:     9   Next: 25%
Magic:  8/8        EV:  9    Int:  4    God:    Trog [*****.]
Gold:   314        SH:  0    Dex: 13    Spells: 8/8 levels left

rFire    . . .     SeeInvis .   A - +0 war axe
rCold    . . .     Gourm    +   (no shield)
rNeg     . . .     Faith    .   k - +0 chain mail
rPois    +         Spirit   .   b - +0 hat {MR+}
rElec    .         Reflect  .   (no cloak)
rCorr    +         Harm     .   (no gloves)
MR       +....     Clarity  +   (no boots)
Stlth    ..........             E - amulet of the gourmand
Regen    0.3/turn               o - ring of resist corrosion
MPRegen  0.2/turn               s - +3 ring of strength

@: no status effects
A: retaliatory headbutt, horns 2, rugged brown scales 1, clarity, poison
resistance
a: Berserk, Trog's Hand, Brothers in Arms, Burn Spellbooks, Renounce Religion


You were on level 7 of the Dungeon.
You worshipped Trog.
Trog was extremely pleased with you.
You were completely stuffed.

You visited 1 branch of the dungeon, and saw 7 of its levels.

You collected 314 gold pieces.

Inventory:

Hand Weapons
 A - a +0 war axe (weapon)
Missiles
 f - 241 stones (quivered)
 z - a throwing net
Armour
 b - a +0 hat of magic resistance (worn)
 k - a +0 chain mail (worn)
Jewellery
 o - a ring of resist corrosion (left hand)
 s - a +3 ring of strength (right hand)
 E - an amulet of the gourmand (around neck)
Wands
 a - a wand of random effects (30/48)
 C - a wand of lightning (4/15)
Scrolls
 c - a scroll of fog {unknown}
 e - a scroll of recharging {unknown}
 j - a scroll of remove curse
 n - 4 scrolls of magic mapping
 q - a scroll of amnesia {unknown}
 t - a scroll of noise {unknown}
 u - 2 scrolls of teleportation
 w - a scroll of blinking {unknown}
 D - 2 scrolls of immolation {unknown}
Potions
 g - a potion of ambrosia
 i - 3 potions of flight
 m - 2 potions of curing
 p - 3 potions of heal wounds
 v - 2 potions of agility
 B - a potion of lignification
Comestibles
 d - a royal jelly
 h - 4 meat rations
 l - 7 bread rations
 r - 3 fruits


   Skills:
 - Level 3.6 Fighting
 + Level 14.5 Axes
 - Level 2.4 Armour
 - Level 2.1 Dodging


You had 8 spell levels left.
You didn't know any spells.

Dungeon Overview and Level Annotations

Branches:
Dungeon (7/15)             Temple (0/1) D:4

Altars:
Ashenzari
Cheibriados
Gozag
Makhleb
Nemelex Xobeh
Sif Muna
Trog
Xom
Zin


Innate Abilities, Weirdness & Mutations

You reflexively headbutt those who attack you in melee.
You have a pair of horns on your head.
You are partially covered in rugged brown scales. (AC +1, +3% HP)
You possess an exceptional clarity of mind.
Your system is resistant to poisons. (rPois)


Message History

The orc warrior is lightly wounded.
You hit the orc warrior but do no damage.
You headbutt the orc warrior, but do no damage.
The orc warrior is lightly wounded.
The orc warrior hits you with a scimitar!
You slash the orc warrior!
You headbutt the orc warrior, but do no damage.
The orc warrior is moderately wounded.
The orc warrior hits you with a scimitar!!
* * * LOW HITPOINT WARNING * * *
You slash the orc warrior!
The orc warrior is severely wounded.
You closely miss the orc warrior.
The orc warrior is severely wounded.
The orc warrior hits you with a scimitar!
* * * LOW HITPOINT WARNING * * *
You hit the orc warrior but do no damage.
The orc warrior is severely wounded.
The orc warrior hits you with a scimitar!!
You die...

####...## #.......# ##.#.## ##.##
###)##### #....## #.# #.# #..####
#.######## #.# #..# # ##+.......#
#.# #..#### ##..##.....# #.#
#...... ##...#.#....####.#
#.##### ##....#..#...##)#.###
#.#.##
#.....#...#....o@...#######....##
'.....#####....)#................
#.....#...#.#...#...######....<##
##....#..#...#..#..## #..#..#
##...#.#.....#.##.# #..##.#
##..##.......###.# #...#.#
##'#.....#### #.# #.#.#.#
#.##.......###.# #.#.#.#
#####.#.#.....#.##.# #.....#


You could see an orc warrior.

Vanquished Creatures
  A water moccasin (D:6)
  An ice beast (D:6)
  4 ogres
  2 phantoms
  A centaur (D:7)
  A bullfrog (D:7)
  3 scorpions
  5 killer bees (D:7)
  A howler monkey (D:5)
  3 crimson imps
  A bullfrog zombie (D:7)
  5 orc priests
  A bullfrog skeleton (D:4)
  7 orc wizards
  A centaur skeleton (D:6)
  3 hounds
  2 jellies
  Ijyb (D:5)
  An iguana (D:4)
  8 worker ants
  2 hound skeletons
  3 gnolls (D:4)
  7 adders
  A shadow imp (D:5)
  An ooze (D:5)
  An adder zombie (D:7)
  6 worms
  An adder skeleton (D:7)
  5 dart slugs
  3 leopard geckos
  20 orcs
  4 bats
  6 giant cockroaches
  5 goblins
  16 hobgoblins
  10 jackals
  2 quokkas
  2 ball pythons
  5 frilled lizards
  A giant cockroach zombie (D:5)
  10 kobolds
  2 quokka skeletons (D:4)
  10 rats
175 creatures vanquished.

Notes
Turn   | Place    | Note
-------+----------+-------------------------------------------
     0 | D:1      | slacker the Minotaur Berserker began the quest for the Orb.
     0 | D:1      | Reached XP level 1. HP: 19/19 MP: 0/0
    34 | D:1      | Reached skill level 4 in Axes
   215 | D:1      | Reached XP level 2. HP: 24/26 MP: 1/1
   561 | D:1      | Reached skill level 5 in Axes
   575 | D:1      | Reached ** piety under Trog
   575 | D:1      | Reached XP level 3. HP: 25/31 MP: 2/2
   605 | D:1      | Gained mutation: Your system is resistant to poisons. (rPois) [potion of mutation]
   605 | D:1      | Gained mutation: You possess an exceptional clarity of mind. [potion of mutation]
   605 | D:1      | Gained mutation: You are partially covered in rugged brown scales. (AC +1, +3% HP) [potion of mutation]
  1376 | D:2      | Reached XP level 4. HP: 38/40 MP: 3/3
  1415 | D:2      | Reached skill level 6 in Axes
  2004 | D:3      | Found a glowing silver altar of Zin.
  2170 | D:3      | Found a sparkling altar of Nemelex Xobeh.
  2240 | D:3      | Found a snail-covered altar of Cheibriados.
  2286 | D:3      | Reached *** piety under Trog
  2345 | D:3      | Reached XP level 5. HP: 37/46 MP: 4/4
  2347 | D:3      | Reached skill level 7 in Axes
  2706 | D:4      | Reached skill level 8 in Axes
  2990 | D:4      | Found a burning altar of Makhleb.
  2998 | D:4      | Found an opulent altar of Gozag.
  3001 | D:4      | Found a deep blue altar of Sif Muna.
  3061 | D:4      | Found a staircase to the Ecumenical Temple.
  3112 | D:4      | Reached XP level 6. HP: 52/52 MP: 5/5
  3240 | D:4      | Found a bloodstained altar of Trog.
  3808 | D:5      | Entered Level 5 of the Dungeon
  3881 | D:5      | Reached skill level 9 in Axes
  4003 | D:5      | Reached XP level 7. HP: 58/58 MP: 6/6
  4026 | D:5      | Noticed Ijyb
  4033 | D:5      | Killed Ijyb
  4128 | D:5      | Reached skill level 10 in Axes
  4264 | D:5      | Reached **** piety under Trog
  4536 | D:6      | Found a shattered altar of Ashenzari.
  4562 | D:6      | Reached skill level 11 in Axes
  4812 | D:6      | Reached XP level 8. HP: 60/65 MP: 7/7
  4842 | D:6      | Found a shimmering altar of Xom.
  5105 | D:6      | Reached skill level 12 in Axes
  5548 | D:7      | Reached skill level 13 in Axes
  5772 | D:7      | Reached ***** piety under Trog
  5971 | D:7      | Reached XP level 9. HP: 53/72 MP: 8/8
  6075 | D:7      | Reached skill level 14 in Axes
  6313 | D:7      | Slain by an orc warrior

Skill      XL: |  1  2  3  4  5  6  7  8  9 |
---------------+----------------------------+-----
Axes           | 4 5 6 8 9 11 13 14 | 14.5
Fighting       | |  3.6
Armour         | |  2.4
Dodging        | |  2.1

Action                   |  1- 3 |  4- 6 |  7- 9 || total
-------------------------+-------+-------+-------++-------
Melee: Hand axe          |    84 |   187 |    82 ||   353
       Headbutt          |     9 |    30 |    35 ||    74
       War axe           |       |       |   135 ||   135
Invok: Berserk           |       |     2 |     6 ||     8
       Trog's Hand       |       |       |     3 ||     3
       Burn Spellbooks   |       |       |     1 ||     1
  Use: Potion            |     3 |       |       ||     3
       Scroll            |       |     5 |     6 ||    11
 Stab: Sleeping          |     1 |       |       ||     1
  Eat: Bread ration      |     1 |       |       ||     1
       Chunk             |       |     7 |    14 ||    21
       Royal jelly       |       |       |     2 ||     2
       Meat ration       |       |       |     1 ||     1
Armor: Animal skin       |     6 |       |       ||     6
       Scale mail        |     6 |    29 |       ||    35
       Chain mail        |       |    55 |    78 ||   133
Dodge: Dodged            |    57 |    74 |    78 ||   209
